Match 28216673
Unlisted

Match 28216673
End
Panzerpioneer Squad
Panzerpioneer Squad
Selects Armored Support Battlegroup
Construct Light Support Kompanie
Selects Superior Fire Drills
2.5-tonne Medical Truck
Forward Retreat Point
Fire Support Elements
Selects Salvage Kits
Flakvierling Half-track
Forward Retreat Point
Vehicle Survival Package
Advanced Field Repairs
Combat Half-tracks
Tungsten Core Ammunition
Selects Panzer Storm
Construct Panzerarmee Kommand
Rapid Advance
Panzer III L Medium Tank
Armored Reserves
Forward Retreat Point
Emergency Repair Kits
Advanced Optics
Panzer Storm
Tiger Heavy Tank
Selects Flammpanzer III Medium Tank Sd.Kfz. 141
Selects Command Panzer IV F Medium Tank
MAOMAO
祸乱之炮手
名声在外
感谢撸友给予明朝肘击
iAinEng
Newbs101
God
Akaxiya
0
0

Comments sign in to comment!

No comments posted yet!